 Dungeon Crawl Stone Soup version 0.29.1-15-g9cfb28693d (webtiles) character file.

Game seed: 10877733123743427940

1 Descartes the Charlatan (level 1, 0/7 HPs)
             Began as a Felid Wanderer on Mar 19, 2023.
             Slain by a hobgoblin (3 damage)
             ... on level 1 of the Dungeon.
             The game lasted 00:00:35 (194 turns).

Descartes the Charlatan (Felid Wanderer)             Turns: 194, Time: 00:00:36

Health: 0/7        AC:  1    Str:  7    XL:     1   Next: 16%
Magic:  6/7        EV: 15    Int: 15    God:
Gold:   25         SH:  0    Dex: 14    Spells: 9/10 levels left
                                        Lives:  0   Deaths: 0

rFire   . . .      SeeInvis +   (weapon unavailable)
rCold   . . .      Faith    .   (shield unavailable)
rNeg    . . .      Spirit   .   (body armour unavailable)
rPois   .          Reflect  .   (helmet unavailable)
rElec   .          Harm     .   (cloak unavailable)
rCorr   .          Rampage  .   (gloves unavailable)
Will    .....                   (boots unavailable)
Stlth   +.........              (no amulet)
HPRegen 0.02/turn               (no ring)
MPRegen 0.10/turn               (no ring)

@: very slightly contaminated, quick
A: very small, claws 1, fangs 3, see invisible, speed 1, shaggy fur 1, stealthy
paws, no weapons or thrown items, no armour, multi-lived
a: no special abilities


You were on level 1 of the Dungeon.
You visited 1 branch of the dungeon, and saw 1 of its levels.

You collected 25 gold pieces.

Inventory:

Scrolls
 c - a scroll of blinking
 d - a scroll of teleportation {unknown}
 e - a scroll of magic mapping {unknown}
 f - a scroll of poison {unknown}
 g - a scroll of silence {unknown}
Potions
 b - 2 potions of curing
Miscellaneous
 a - a phial of floods


   Skills:
 + Level 0.1 Dodging
 + Level 0.2 Stealth
 + Level 0.1 Unarmed Combat
 - Level 5.0 Spellcasting
 + Level 0.2 Hexes
 - Level 5.4 Evocations


You had 9 spell levels left.
You knew the following spells:

 Your Spells              Type           Power      Damage    Failure   Level
a - Slow                  Hex            16%        N/A       16%         1

Your spell library contained the following spells:

 Spells                   Type           Power      Damage    Failure   Level
 Dazzling Flash           Conj/Hex       8%         N/A       43%         3


Dungeon Overview and Level Annotations

Branches:
Dungeon (1/15)

Altars:


Innate Abilities, Weirdness & Mutations

You have sharp claws.
You have razor-sharp teeth.
You have supernaturally acute eyesight. (SInv)
You cover ground quickly. (Speed+)
You are covered in fur. (AC +1)
Your paws help you pounce on unaware monsters.
You are incapable of wielding weapons or throwing items.
You cannot wear armour.
You gain extra lives every three experience levels.


Message History

No target in view!
No target in view!
No target in view!
No target in view!
No target in view!
No target in view!
No target in view!
No target in view!
No target in view!
No target in view!
HP restored.
g - a scroll labelled HUEVVY WEPT A hobgoblin comes into view.
The hobgoblin shouts!
You scratch the hobgoblin but do no damage.
The hobgoblin hits you.
Ouch! That really hurt!
A rat comes into view.
Casting: Slow (safe; 16% risk of failure)
Confirm with . or Enter, or press ? or * to list all spells.
Aiming: Slow (safe; 16% risk of failure)
Press: ? - help, Shift-Dir - straight line, f - hobgoblin
Aim: a hobgoblin (chance to affect: 57%)
You miscast Slow.
You are very lightly contaminated with residual magic.
Nothing appears to happen.
The hobgoblin barely misses you.
You closely miss the hobgoblin. Your bite misses the hobgoblin.
The hobgoblin completely misses you.
You scratch the hobgoblin but do no damage.
Your claw misses the hobgoblin. The hobgoblin misses you.
You scratch the hobgoblin but do no damage.
You claw the hobgoblin, but do no damage.
The hobgoblin closely misses you.
You scratch the hobgoblin.
The hobgoblin is lightly wounded.
The hobgoblin barely misses you.
You scratch the hobgoblin.
The hobgoblin is moderately wounded.
The hobgoblin hits you.
You die...

#.# #.# #. #.#
#.# #. #.# #.#
#. #.# #.#
##.#######.###.#
..............#
#r#######.#####
#g#######.#
#^@.......#
###########


You could see a hobgoblin and a rat.

Vanquished Creatures
  An endoplasm (D:1)
1 creature vanquished.

Notes
Turn   | Place    | Note
-------+----------+-------------------------------------------
     0 | D:1      | Descartes the Felid Wanderer began the quest for the Orb.
     0 | D:1      | Descartes set off with the following items: a phial of
                  | floods, a potion of curing, a scroll of blinking; and the
                  | following spell memorised: Slow; and the following spells
                  | available to memorise: Dazzling Flash.
     0 | D:1      | Reached XP level 1. HP: 7/7 MP: 7/7
   194 | D:1      | Slain by a hobgoblin

Illustrated notes

Levels and vault maps discovered:
D:1:      eino_arrival_cavern_c, layout_basic,
          shapermc_ecumenical_altar_starsandcircs

Action                   || total
-------------------------++-------
Melee: Unarmed           ||     8
       Punch             ||     1
Dodge: Dodged            ||     6
